 Dungeon Crawl Stone Soup version 0.17.1-1-g73c8601 (webtiles) character file.

2025 CcS the Cudgeler (level 9, 0/52 HPs)
             Began as a Gargoyle Necromancer on Dec 31, 2015.
             Was a Priest of Cheibriados.
             Slain by an orc warrior
             ... wielding a +0 glaive
              (14 damage)
             ... on level 6 of the Dungeon.
             The game lasted 00:31:12 (9144 turns).

CcS the Cudgeler (Gargoyle Necromancer)             Turns: 9144, Time: 00:31:12

Health: 0/52       AC: 16    Str: 20    XL:     9   Next: 23%
Magic:  4/13       EV:  8    Int: 27    God:    Cheibriados [***...]
Gold:   268        SH:  0    Dex: 18    Spells: 5 memorised, 6 levels left

rFire  . . .     SeeInvis .     t - +3 mace (holy)
rCold  . . .     Clarity  .     v - +0 chain mail
rNeg   + . .     SustAt   .     (no shield)
rPois  ∞         Gourm    .     w - +0 helmet
rElec  +         Spirit   .     (no cloak)
rCorr  .         Warding  .     (no gloves)
rMut   .         Stasis   .     (no boots)
MR     .....                    (no amulet)
Stlth  ..........               (no ring)
                                (no ring)

@: very slow, not resistant to hostile enchantments, extremely unstealthy
A: big wings, breathe flames 1, low mp 1, negative energy resistance 1,
electricity resistance, unbreathing, petrification resistance, rot immunity, AC
+5
a: Fly, Bend Time, Temporal Distortion, Renounce Religion, Breathe Fire


You were on level 6 of the Dungeon.
You worshipped Cheibriados.
Cheibriados was most pleased with you.
You were not hungry.

You visited 1 branch of the dungeon, and saw 6 of its levels.

You collected 268 gold pieces.

Inventory:

Hand Weapons
 d - a +0 dagger
   (You found it on level 1 of the Dungeon)
 t - a +3 mace of holy wrath (weapon)
   (You found it on level 3 of the Dungeon)
Armour
 a - a +0 robe
 v - a +0 chain mail (worn)
   (You took it off an orc on level 1 of the Dungeon)
 w - a +0 helmet (worn)
   (You took it off Robin on level 2 of the Dungeon)
Jewellery
 s - an uncursed ring of magical power {unknown}
   (You found it on level 2 of the Dungeon)
 y - an uncursed ring of protection from fire {unknown}
   (You found it on level 3 of the Dungeon)
 z - a +5 ring of strength {unknown}
   (You found it on level 3 of the Dungeon)
 G - a +3 ring of strength {unknown}
   (You found it on level 4 of the Dungeon)
Wands
 u - a wand of slowing (17)
   (You took it off an orc on level 1 of the Dungeon)
Scrolls
 e - 5 scrolls of identify
 g - a scroll of amnesia
 h - a scroll of enchant weapon {unknown}
 i - a scroll of magic mapping {!r}
 k - a scroll of teleportation
 m - 7 scrolls of remove curse
Potions
 r - a potion of brilliance
Books
 b - a book of Necromancy
 l - a book of Dreams
   (You found it on level 6 of the Dungeon)
 B - a book of Air
   (You found it on level 3 of the Dungeon)
Comestibles
 c - 5 bread rations {@e1}
 j - 4 meat rations {@e2}
 q - a beef jerky
 A - a fruit


   Skills:
 + Level 4.7 Fighting
 * Level 6.4 Maces & Flails
 - Level 5.1 Armour
 - Level 1.5 Dodging
 - Level 2.1 Stealth
 - Level 4.0 Spellcasting
 - Level 6.0 Necromancy


You had 6 spell levels left.
You knew the following spells:

 Your Spells              Type           Power        Failure   Level  Hunger
a - Pain                  Necr           ####         8%          1    None
b - Animate Skeleton      Necr           N/A          8%          1    None
c - Vampiric Draining     Necr           #####.....   21%         3    ##.....
d - Regeneration          Chrm/Necr      ###.......   67%         3    ##.....
q - Repel Missiles        Chrm/Air       #.....       91%         2    None


Dungeon Overview and Level Annotations

Branches:
Dungeon (6/15)
 Temple: D:4-7

Altars:
Cheibriados

Annotations:
D:5 2 exclusions


Innate Abilities, Weirdness & Mutations

You are resistant to torment.
Your stone body is resilient (AC +5).
You are immune to poison.
You resist negative energy.
You are resistant to electric shocks.
You can survive without breathing.
You are immune to petrification.
You are immune to rotting.
Your large and strong wings let you fly indefinitely.
You can breathe flames.
Your magical capacity is low (-10% MP).


Message History

Unknown command.
Unknown command.
Unknown command.
Unknown command.
There is nothing here that can be animated!
Unknown command.
Unknown command.
There is nothing here that can be animated!
Unknown command.
An adder comes into view.
An adder is nearby!
An adder is nearby!
An adder is nearby!
The adder bites you but does no damage.
Aim: an adder (chance to defeat MR: 89%)
You miscast Pain.
Nothing appears to happen.
The adder barely misses you. The adder bites you but does no damage.
You now have 2/13 mp.
Aim: an adder (chance to defeat MR: 89%)
The adder convulses in agony!
The adder bites you but does no damage.
Unknown command.
You take 1 damage, and have 41/52 hp.
You now have 1/13 mp.
Aim: an adder (heavily wounded, chance to defeat MR: 89%)
The adder convulses in agony!
The adder closely misses you.
You take 1 damage, and have 40/52 hp.
Unknown command.
You hit the adder. The adder closely misses you.
The adder bites you but does no damage.
You sock the adder!
You kill the adder!
Cheibriados thoroughly appreciates the change of pace.
All of the chunks of flesh in your inventory have rotted away.
No target in view!
You start resting.
Your magical contamination has completely faded away.
Unknown command.
You regained 10 hp, and now have 51/52 hp.
You regained 8 mp, and now have 9/13 mp.
Unknown command.
An orc priest is nearby!
An orc priest is nearby!
Health restored: 52 An orc priest is nearby!
The orc warrior shouts!
Aim: an orc priest, wielding a hand axe (chance to defeat MR: 84%)
The orc priest convulses in agony!
You take 1 damage, and have 51/52 hp.
You now have 10/13 mp.
Unknown command.
Aim: an orc priest, wielding a hand axe (heavily wounded, chance to defeat MR: 84%)
The orc priest convulses in agony!
The orc priest hits you but does no damage.
You take 1 damage, and have 50/52 hp.
You now have 9/13 mp.
Unknown command.
Aim: an orc priest, wielding a hand axe (severely wounded, chance to defeat MR: 84%)
The orc priest convulses in agony!
The orc priest hits you but does no damage.
Unknown command.
You take 1 damage, and have 49/52 hp.
You now have 8/13 mp.
Aim: an orc priest, wielding a hand axe (almost dead, chance to defeat MR: 84%)
The orc priest convulses in agony!
You kill the orc priest!
Cheibriados appreciates the change of pace.
You now have 7/13 mp.
Unknown command.
The orc warrior hits you from afar with a glaive!!
You take 18 damage, and have 31/52 hp.
MASSIVE DAMAGE!!
Unknown command.
The orc warrior hits you but does no damage.
Aim: an orc warrior, wielding a glaive and wearing a chain mail (chance to defeat MR: 84%)
The orc warrior convulses in agony!
You now have 7/13 mp.
Unknown command.
Aim: an orc warrior, wielding a glaive and wearing a chain mail (lightly wounded, chance to defeat MR: 84%)
The jackal convulses in agony!
The orc warrior hits you from afar with a glaive!
The jackal barely misses you.
You take 11 damage, and have 20/52 hp.
MASSIVE DAMAGE!!
You now have 6/13 mp.
Aim: a jackal (lightly wounded)
You kill the jackal!
Cheibriados thoroughly appreciates the change of pace.
You feel life coursing into your body.
The orc warrior hits you from afar with a glaive!
* * * LOW HITPOINT WARNING * * *
You take 7 damage, and have 13/52 hp.
You now have 4/13 mp.
Okay, then.
Drink which item? (? for menu, Esc to quit)
Okay, then.
Aim: an orc warrior, wielding a glaive and wearing a chain mail (lightly wounded, chance to defeat MR: 51%)
The orc warrior resists with significant effort.
Evoking this partially-identified wand wasted a few charges.
The orc warrior hits you but does no damage.
The jackal bites you but does no damage.
The orc shouts!
The jackal bites you but does no damage.
The orc warrior hits you from afar with a glaive!
You die...

#...((.....#
#..#####)####....#
#...........#....#
#.######.##.#....#
#..#.#..[.#
##.#.#....#
#...#....# '#
##..#..'.#...
#.@#....#...
#.h#........
##o#........
#.#........
#..........
#.o........
#..o)......
#########.......Y..
#.§..........#..#..


You could see an orc warrior, an orc wizard and a jackal.

Vanquished Creatures
  The ghost of Musteatbrain the Skirmisher, a novice DsFi (D:5)
  The ghost of CcS the Stinger, a novice FeVM (D:6)
  Sigmund (D:3)
  An ice beast (D:5)
  2 ogres (D:6)
  2 centaurs
  Blork the orc (D:4)
  2 scorpions
  2 crimson imps (D:5)
  3 jellies (D:5)
  4 orc wizards
  A centaur skeleton (D:4)
  2 hounds
  2 orc priests
  A giant frog skeleton (D:4)
  3 iguanas
  A worker ant (D:5)
  2 hound skeletons
  Robin (D:2)
  A worker ant zombie (D:6)
  8 adders
  An ooze (D:3)
  An adder skeleton (D:5)
  4 worms
  4 giant geckos
  17 orcs
  4 ball pythons
  9 bats
  3 giant cockroaches
  15 goblins
  8 hobgoblins
  6 jackals
  4 kobolds
  4 quokkas
  10 giant newts
  8 rats
140 creatures vanquished.

Vanquished Creatures (collateral kills)
  Ijyb (D:2)
  2 hobgoblins (D:2)
  A bat (D:2)
  2 goblins (D:2)
  A kobold (D:2)
  A rat (D:2)
8 creatures vanquished.

Grand Total: 148 creatures vanquished

Notes
Turn   | Place    | Note
--------------------------------------------------------------
     0 | D:1      | CcS the Gargoyle Necromancer began the quest for the Orb.
     0 | D:1      | Reached XP level 1. HP: 10/10 MP: 3/3
   231 | D:1      | Learned a level 1 spell: Animate Skeleton
   507 | D:1      | Reached XP level 2. HP: 7/15 MP: 0/5
  1198 | D:2      | Reached XP level 3. HP: 13/19 MP: 0/6
  1250 | D:2      | HP: 1/19 [adder (4)]
  1251 | D:2      | Reached skill level 4 in Necromancy
  1722 | D:2      | Found a faded altar to an unknown god.
  1780 | D:2      | Reached XP level 4. HP: 8/24 MP: 1/8
  1808 | D:2      | Noticed Ijyb
  2160 | D:1      | Learned a level 3 spell: Vampiric Draining
  2217 | D:2      | Killed Ijyb
  2594 | D:2      | Found a snail-covered altar of Cheibriados.
  2677 | D:1      | Reached skill level 3 in Spellcasting
  3002 | D:2      | Became a worshipper of Cheibriados the Contemplative
  3136 | D:2      | Reached XP level 5. HP: 15/28 MP: 2/9
  3407 | D:3      | Noticed Robin
  3739 | D:2      | Reached skill level 5 in Necromancy
  3925 | D:3      | Reached * piety under Cheibriados
  4086 | D:2      | Killed Robin
  4449 | D:3      | Noticed Sigmund
  4665 | D:3      | Reached XP level 6. HP: 28/32 MP: 6/11
  4673 | D:3      | Learned a level 2 spell: Repel Missiles
  5027 | D:4      | Reached ** piety under Cheibriados
  6077 | D:4      | Noticed Blork the orc
  6107 | D:4      | HP: 5/32 [something (12)]
  6114 | D:4      | Killed Blork the orc
  6114 | D:4      | Reached skill level 4 in Spellcasting
  6114 | D:4      | Reached skill level 6 in Necromancy
  6114 | D:4      | Reached XP level 7. HP: 10/36 MP: 0/13
  6438 | D:3      | Killed Sigmund
  6438 | D:3      | Reached skill level 3 in Armour
  6828 | D:5      | Entered Level 5 of the Dungeon
  7070 | D:5      | Reached skill level 4 in Armour
  7175 | D:5      | Noticed Musteatbrain's ghost (novice DsFi)
  7399 | D:5      | Reached skill level 5 in Armour
  7399 | D:5      | Reached XP level 8. HP: 41/41 MP: 14/14
  7533 | D:5      | Reached skill level 1 in Fighting
  7533 | D:5      | Reached skill level 1 in Maces & Flails
  7720 | D:5      | Reached skill level 2 in Maces & Flails
  7725 | D:5      | Reached *** piety under Cheibriados
  7897 | D:5      | Gained mutation: You can breathe flames. [potion of mutation]
  7897 | D:5      | Gained mutation: Your magical capacity is low (-10% MP). [potion of mutation]
  7897 | D:5      | Gained mutation: Your large and strong wings let you fly indefinitely. [potion of mutation]
  7921 | D:5      | HP: 16/64 [Musteatbrain's ghost (2)]
  7927 | D:5      | HP: 15/66 [Musteatbrain's ghost (5)]
  7930 | D:5      | Killed Musteatbrain's ghost
  7930 | D:5      | Reached skill level 3 in Fighting
  7930 | D:5      | Reached skill level 4 in Maces & Flails
  8633 | D:5      | Reached skill level 5 in Maces & Flails
  8810 | D:6      | Noticed CcS's ghost (novice FeVM)
  8816 | D:6      | Killed CcS's ghost
  8816 | D:6      | Reached skill level 4 in Fighting
  8816 | D:6      | Reached XP level 9. HP: 50/52 MP: 13/13
  8901 | D:6      | Reached skill level 6 in Maces & Flails
  8937 | D:6      | Learned a level 3 spell: Regeneration
  9141 | D:6      | HP: 13/52 [orc warrior/glaive (11)]
  9144 | D:6      | Slain by an orc warrior

Action                   |  1- 3 |  4- 6 |  7- 9 || total
-------------------------+-------+-------+-------++-------
Melee: Dagger            |    18 |    64 |       ||    82
       Mace              |       |       |   118 ||   118
 Cast: Pain              |    53 |   134 |    56 ||   243
       Animate Skeleton  |    14 |    27 |    11 ||    52
       Vampiric Draining |       |    16 |    15 ||    31
       Repel Missiles    |       |     1 |       ||     1
Evoke: Wand              |       |     2 |     1 ||     3
  Use: Potion            |       |     4 |     7 ||    11
       Scroll            |       |       |     7 ||     7
 Stab: Distracted        |       |     1 |     1 ||     2
       Sleeping          |       |     1 |       ||     1
  Eat: Chunk             |     3 |    10 |     6 ||    19
       Beef jerky        |       |     1 |       ||     1

Vault maps used:
D:1:      minmay_arrival_stone_box, serial_bayou_crossing
D:2:      cheibriados_altar_wand_db, ecumenical_altar_1, uniq_iyjb
D:3:      uniq_sigmund, uniq_robin
D:4:      roderic_lattice_a, minmay_misc_feat_rows, minmay_misc_feat_hallway,
          hangedman_decor_points, uniq_blork_the_orc
D:5:      kennysheep_big_flooded_room, first_bread, serial_bayou,
          serial_bayou_lagoon_b, serial_bayou_pond_a, serial_bayou_pond_d,
          serial_bayou_pond_b
D:6:      grunt_temple_overflow_diamond, minmay_temple_entry_grid,
          gup_sewer_entry_pipe, serial_bayou_pond_e

Table legend:
 A = Turns spent in this place as a percentage of turns spent in the entire game.
 B = Non-inter-level travel turns spent in this place as a percentage of non-inter-level travel turns spent in the entire game.
 C = Inter-level travel turns spent in this place as a percentage of turns spent in this place.
 D = Turns resting spent in this place as a percentage of non-inter-level travel turns spent in this place.
 E = Turns spent auto-exploring this place as a percentage of non-inter-level travel turns spent in this place.
 F = Non-inter-level travel turns spent in this place divided by the number of levels of this place that you've seen.
                   A       B       C       D       E      F
               +-------+-------+-------+-------+-------+----------------------
         Total | 100.0 | 100.0 |   0.6 |   4.1 |   5.7 | 433.2
       Dungeon | 100.0 | 100.0 |   0.6 |   4.1 |   5.7 | 433.2
               +-------+-------+-------+-------+-------+----------------------

Table legend:
 A = Kills in this place as a percentage of kills in entire the game.
 B = Kills by you in this place as a percentage of kills by you in the entire game.
 C = Kills by friends in this place as a percentage of kills by friends in the entire game.
 D = Other kills in this place as a percentage of other kills in the entire game.
 E = Experience gained in this place as a percentage of experience gained in the entire game.
 F = Experience gained in this place divided by the number of levels of this place that you have seen.
                   A       B       C       D       E      F
               +-------+-------+-------+-------+-------+----------------------
         Total | 100.0 | 100.0 | 100.0 |  -nan | 100.0 | 482.3
       Dungeon | 100.0 | 100.0 | 100.0 |  -nan | 100.0 | 482.3
               +-------+-------+-------+-------+-------+----------------------
